 Dungeon Crawl Stone Soup version 0.29-a0-284-gf9362112df (webtiles) character file.

Game seed: 12336851020325894525

2188 sizableburger the Chopper (level 9, -4/78 HPs)
             Began as a Deep Elf Fighter on Mar 31, 2022.
             Was a Follower of the Shining One.
             Slain by a steam dragon (7 damage)
             ... on level 7 of the Dungeon.
             The game lasted 00:16:36 (7607 turns).

sizableburger the Chopper (Deep Elf Fighter)        Turns: 7607, Time: 00:16:37

Health: -4/78      AC: 20    Str: 17    XL:     9   Next: 12%
Magic:  13/13      EV:  2    Int: 14    God:    the Shining One [*.....]
Gold:   269        SH:  0    Dex: 20    Spells: 8/8 levels left

rFire   . . .      SeeInvis .   d - +0 war axe (vorpal)
rCold   . . .      Faith    .   c - +0 buckler
rNeg    . . .      Spirit   .   (body armour currently unavailable)
rPois   +          Reflect  .   (helmet currently unavailable)
rElec   .          Harm     .   (cloak currently unavailable)
rCorr   .          Rampage  .   (gloves currently unavailable)
Will    .....      NoTele   +   (boots currently unavailable)
Stlth   +.........              (no amulet)
HPRegen 0.23/turn               k - +6 ring of dexterity
MPRegen 0.13/turn               (no ring)

@: confused, divinely shielded, tree-form, ambrosia-drunk, marked, corroded,
glowing
A: stationary, stasis, torment immunity, boosted hp
a: Renounce Religion, Divine Shield


You were on level 7 of the Dungeon.
You worshipped the Shining One.
The Shining One was aware of your devotion.
You were a tree.
You visited 1 branch of the dungeon, and saw 7 of its levels.

You collected 269 gold pieces.

Inventory:

Hand Weapons
 a - a +3 war axe
 d - a +0 vorpal war axe (weapon)
Missiles
 h - 5 boomerangs (quivered)
 o - 16 poisoned darts
 t - 2 curare-tipped darts
 x - a throwing net
Armour
 b - a +0 scale mail (melded)
 c - a +0 buckler (worn)
 f - a +2 pair of boots (melded)
 l - a +1 pair of gloves (melded)
 u - a +0 chain mail
Jewellery
 k - a +6 ring of dexterity (left branch)
Scrolls
 g - a scroll of magic mapping
 m - 2 scrolls of identify
 p - 3 scrolls of teleportation
 q - a scroll of fear {unknown}
Potions
 j - 2 potions of mutation
 n - a potion of flight {unknown}
 s - 3 potions of lignification
 v - a potion of haste {unknown}
 w - a potion of brilliance {unknown}


   Skills:
 - Level 4.0 Fighting
 + Level 7.9 Axes
 + Level 5.1 Throwing
 - Level 2.4 Armour
 - Level 3.0 Dodging
 - Level 2.4 Shields
 - Level 3.0 Invocations


You had 8 spell levels left.
You didn't know any spells.
Your spell library contained the following spells:

 Spells                   Type           Power      Damage    Failure   Level
 Animate Skeleton         Necr           0%         N/A       36%         1
 Pain                     Necr           0%         1d4       36%         1
 Gell's Gravitas          Tloc           0%         N/A       75%         3
 Teleport Other           Tloc           0%         N/A       75%         3
 Vampiric Draining        Necr           0%         2d6       75%         3
 Freezing Cloud           Conj/Ice/Air   0%         6-21      100%        5
 Dispersal                Tloc           0%         N/A       100%        6
 Simulacrum               Ice/Necr       0%         N/A       100%        6
 Polar Vortex             Ice            0%         N/A       100%        9


Dungeon Overview and Level Annotations

Branches:
Dungeon (7/15)             Temple (0/1) D:5

Altars:
Dithmenos
Fedhas
Hepliaklqana
Kikubaaqudgha
Uskayaw
Vehumet
The Shining One

Annotations:
D:3 Grinder


Message History

You block the steam dragon's attack.
You barely miss the steam dragon.
The steam dragon is almost dead.
You block the steam dragon's attack.
The steam dragon claws you but does no damage.
Unknown command.
Okay, then.
You aren't carrying any items that you can evoke.
Okay, then.
Your divine shield is renewed.
The jelly barely misses you.
The steam dragon bites you but does no damage.
The steam dragon claws you but does no damage.
Okay, then.
You are confused.
You feel invigorated.
The steam dragon bites you but does no damage.
The steam dragon claws you but does no damage.
The jelly hits you but does no damage.
Unknown command.
You cannot move. (Use ctrl+direction or * direction to attack without moving.) Unknown command.
You cannot move. (Use ctrl+direction or * direction to attack without moving.)
You attack the rock wall.
You hear the slow hiss of an avalanche of sand.
The jelly barely misses you. The steam dragon breathes steam at you.
The ball of steam hits you!
* * * LOW HITPOINT WARNING * * *
You slash the steam dragon!
The steam dragon is heavily wounded.
You hit the jelly. The acid corrodes you!
Your branches burn!
* * * LOW HITPOINT WARNING * * *
You barely miss the steam dragon. You hit the ice beast but do no damage.
You are engulfed in a cloud of scalding steam.
* * * LOW HITPOINT WARNING * * *
The ice beast barely misses you. The steam dragon bites you.
* * * LOW HITPOINT WARNING * * *
The steam dragon claws you but does no damage.
The steam dragon bites you!
You die...

##### ###########...#####
..............#D♣Y## *****
###########....J#D.#****,,,** #
###..##'....#,,,,,**
#..##,##......,,,,*
#.##,∩,*#.....,,,,* ####
#.,**,**,.#...,,,,*
...#*******##,,***,,,.,..,,,**
##...,,,,,,,,,,,*,,*,,.,.,,******
**************,,,,,,,..,,,,,,,,,


You could see 2 steam dragons, an ice beast and a jelly.

Vanquished Creatures
  Sigmund (D:4)
  A water moccasin (D:6)
  An orc warrior (D:5)
  2 sky beasts (D:5)
  A black bear (D:4)
  An ogre (D:6)
  A phantom (D:7)
  A kobold brigand (D:4)
  A bullfrog (D:7)
  2 necrophages (D:6)
  A gnoll sergeant (D:7)
  A scorpion (D:5)
  3 wights (D:7)
  4 killer bees (D:7)
  4 hounds
  2 orc priests
  4 iguanas
  3 orc wizards
  Ijyb (D:4)
  Natasha (thrice) (D:2)
  5 gnolls
  8 adders
  An ufetubus (D:6)
  2 worms
  3 dart slugs
  17 orcs
  2 ball pythons
  7 bats
  8 endoplasms
  A giant cockroach (D:1)
  6 hobgoblins
  8 jackals
  2 quokkas
  3 frilled lizards
  9 goblins
  8 kobolds
  6 rats
134 creatures vanquished.

Notes
Turn   | Place    | Note
-------+----------+-------------------------------------------
     0 | D:1      | sizableburger the Deep Elf Fighter began the quest for the
                  | Orb.
     0 | D:1      | Reached XP level 1. HP: 13/13 MP: 3/3
   506 | D:1      | Reached XP level 2. HP: 17/18 MP: 4/4
   529 | D:1      | Reached skill level 2 in Axes
   629 | D:1      | Found a faded altar of an unknown god.
  1314 | D:1      | Reached XP level 3. HP: 10/23 MP: 5/5
  1802 | D:2      | Reached skill level 1 in Dodging
  2113 | D:2      | Reached XP level 4. HP: 21/28 MP: 6/6
  2189 | D:2      | Found a glowing golden altar of the Shining One.
  2244 | D:2      | Became a worshipper of the Shining One
  2283 | D:2      | Noticed Natasha
  2293 | D:2      | Killed Natasha
  2294 | D:2      | Reached skill level 3 in Axes
  2573 | D:2      | Noticed Natasha
  2586 | D:2      | Killed Natasha
  2587 | D:2      | Reached XP level 5. HP: 27/32 MP: 7/7
  3215 | D:2      | Noticed Natasha
  3225 | D:2      | Killed Natasha
  3624 | D:3      | You fall into a shaft and drop 2 floors!
  3624 | D:5      | Entered Level 5 of the Dungeon
  3690 | D:4      | Reached XP level 6. HP: 31/37 MP: 8/8
  3702 | D:4      | Reached skill level 4 in Axes
  3744 | D:3      | Noticed Grinder
  3744 | D:3      | Reached * piety under the Shining One
  4141 | D:4      | Found a hide-covered altar of Uskayaw.
  4293 | D:4      | Reached skill level 1 in Invocations
  4724 | D:4      | Reached XP level 7. HP: 37/43 MP: 8/10
  4783 | D:4      | Noticed Ijyb
  4801 | D:4      | Killed Ijyb
  4802 | D:4      | Reached skill level 5 in Axes
  5071 | D:4      | Noticed Sigmund
  5082 | D:4      | Killed Sigmund
  5550 | D:5      | Reached skill level 6 in Axes
  5625 | D:5      | Found a hazy altar of Hepliaklqana.
  5640 | D:5      | Found a staircase to the Ecumenical Temple.
  5653 | D:5      | Reached XP level 8. HP: 32/48 MP: 12/12
  5776 | D:5      | Found an ancient bone altar of Kikubaaqudgha.
  5863 | D:5      | Reached skill level 1 in Throwing
  6102 | D:5      | Found a radiant altar of Vehumet.
  6436 | D:6      | Found a blossoming altar of Fedhas.
  6616 | D:6      | Reached skill level 7 in Axes
  7038 | D:6      | Found a shadowy altar of Dithmenos.
  7458 | D:7      | Reached ** piety under the Shining One
  7591 | D:7      | Reached XP level 9. HP: 37/52 MP: 9/13
  7595 | D:7      | Reached skill level 5 in Throwing
  7607 | D:7      | HP: 3/78 [steam dragon (6)]
  7607 | D:7      | Slain by a steam dragon

Illustrated notes

Levels and vault maps discovered:
D:1:      dpeg_arrival_subterranean_lakeside_camping, layout_loops_corners,
          ebering_ecumenical_altar_webs, nicolae_grassy_gnolls
D:2:      layout_basic, basic_altar, minmay_heptomino_h4, uniq_natasha
D:3:      layout_basic, uniq_crazy_yiuf_cottage, uniq_grinder
D:4:      layout_layer_cave, nicolae_uskayaw_suspiria, uniq_ijyb, uniq_sigmund
D:5:      layout_loops_ring, nicolae_overflow_crystal_walls,
          general_overflow_altar, vehumet_crystals,
          minmay_temple_entry_sparse_star
D:6:      layout_basic, nicolae_dithmenos_the_darkroom, lemuel_round_altar
D:7:      layout_loops_ring, nzn_wu_jian_council_hall, enter_ossuary_5,
          uniq_duvessa

Skill      XL: |  1  2  3  4  5  6  7  8  9 |
---------------+----------------------------+-----
Axes           | 2 3 4 6 7 |  7.9
Fighting       | 3 4 |  4.0
Dodging        | 1 3 |  3.0
Invocations    | 1 3 |  3.0
Throwing       | 4 5 |  5.1
Armour         | |  2.4
Shields        | |  2.4

Action                   |  1- 3 |  4- 6 |  7- 9 || total
-------------------------+-------+-------+-------++-------
Melee: War axe           |   109 |   127 |   141 ||   377
Throw: Boomerang         |     8 |       |    10 ||    18
       Dart              |       |     9 |    10 ||    19
Invok: Divine Shield     |       |       |     3 ||     3
  Use: Scroll            |       |    11 |     3 ||    14
       Potion            |       |       |     7 ||     7
Armor: Scale mail        |    55 |    53 |    42 ||   150
       Skin              |       |       |    45 ||    45
Dodge: Dodged            |    35 |    60 |    52 ||   147
Block: Buckler           |    30 |    26 |    64 ||   120

Table legend: (Time is in decaauts)
 A = Elapsed time spent in this place.
 B = Non-inter-level travel time spent in this place.
 C = Inter-level travel time spent in this place.
 D = Time resting spent in this place.
 E = Time spent auto-exploring this place.
 F = Levels seen in this place.
 G = Mean time per level.
                   A        B        C        D        E       F      G
               +--------+--------+--------+--------+--------+-----+--------+
         Total |   7743 |   7398 |    345 |   1404 |   4803 |   7 | 1106.1 |
       Dungeon |   7743 |   7398 |    345 |   1404 |   4803 |   7 | 1106.1 |
               +--------+--------+--------+--------+--------+-----+--------+

Top non-repeatable levels by time:
     D:1: 1805 daAuts
     D:2: 1590 daAuts
     D:4: 1502 daAuts
     D:5: 1091 daAuts
     D:6: 1027 daAuts
     D:3: 472 daAuts
     D:7: 253 daAuts
